 Dungeon Crawl Stone Soup version 0.19.1-1-g22dce08 (webtiles) character file.

284 Queen the Chopper (level 6, -7/47 HPs)
             Began as a Formicid Fighter on Jan 13, 2017.
             Killed from afar by Jynx's ghost (17 damage)
             ... with a spray of energy
             ... on level 4 of the Dungeon.
             The game lasted 00:13:11 (2766 turns).

Queen the Chopper (Formicid Fighter)                Turns: 2766, Time: 00:13:11

Health: -7/47      AC:  9    Str: 21    XL:     6   Next: 54%
Magic:  6/6        EV:  7    Int:  7    God:
Gold:   223        SH:  9    Dex: 12    Spells: 0 memorised, 5 levels left

rFire  . . .     SeeInvis +     a - +0 war axe
rCold  . . .     Gourm    .     v - +0 scale mail
rNeg   . . .     Faith    .     c - +0 shield
rPois  .         Spirit   .     (helmet unavailable)
rElec  .         Reflect  .     (no cloak)
rCorr  .         Harm     .     y - +1 pair of gloves
MR     +....                    (no boots)
Stlth  +.........               (no amulet)
                                b - ring of stealth
                                u - ring of protection from magic

@: no status effects
A: permanent stasis, dig shafts and tunnels, four strong arms, antennae 3
a: Dig, Shaft Self


You were on level 4 of the Dungeon.
You were not hungry.

You visited 1 branch of the dungeon, and saw 4 of its levels.

You collected 223 gold pieces.

Inventory:

Hand Weapons
 a - a +0 war axe (weapon)
 z - a +0 mace
Armour
 c - a +0 shield (worn)
 v - a +0 scale mail (worn)
 y - a +1 pair of gloves (worn)
Jewellery
 b - a ring of stealth (right hand)
 o - an uncursed ring of protection from cold
 u - a ring of protection from magic (left hand)
Scrolls
 k - 4 scrolls of identify
 m - a scroll of enchant weapon {unknown}
 n - a scroll of remove curse
 t - a scroll of enchant armour
 w - a scroll of recharging {unknown}
 x - a scroll of fog {unknown}
Potions
 d - a potion of agility {unknown}
 e - 2 potions of brilliance
 h - a potion of cancellation {unknown}
 i - 2 potions of magic {unknown}
 j - a potion of mutation {unknown}
 q - a potion of lignification {unknown}
 r - 2 potions of flight {unknown}
 s - 2 potions of curing {unknown}
 A - 2 potions of haste {unknown}
 C - a potion of degeneration {unknown}
Comestibles
 f - 5 bread rations
 g - 3 chunks of flesh
 l - 3 beef jerkies
 p - a meat ration


   Skills:
 - Level 3.2 Fighting
 + Level 6.4 Axes
 - Level 3.2 Armour
 - Level 3.6 Shields


You had 5 spell levels left.
You didn't know any spells.

Dungeon Overview and Level Annotations

Branches:
Dungeon (4/15)
 Temple: D:4-7

Altars:
Cheibriados
Fedhas
Ru

Annotations:
D:4 Jynx's ghost, amateur HECj


Innate Abilities, Weirdness & Mutations

You are under a permanent stasis effect.
You can dig through walls and to a lower floor.
Your four strong arms can wield two-handed weapons with a shield.
You have a pair of large antennae on your head. (SInv)


Message History

Jynx's ghost hits you but does no damage.
You barely miss Jynx's ghost. Jynx's ghost hits you.
Your shield and scale mail prevent you from hitting Jynx's ghost.
Jynx's ghost hits you but does no damage.
You're too confused to move!
You feel less confused. Jynx's ghost casts a spell at you.
The orb of energy hits you!
The orb of energy explodes!
You barely miss Jynx's ghost.
Jynx's ghost hits you but does no damage.
Jynx's ghost hits you.
* * * LOW HITPOINT WARNING * * *
You miss Jynx's ghost.
Jynx's ghost gestures at you while chanting.
You block the spray of energy.
You hit Jynx's ghost.
Jynx's ghost is lightly damaged.
Jynx's ghost gestures at you while chanting.
The spray of energy hits you!
You die...

##### ##...........## ###...#
#.............# ......#
#............## .P.P..####
#.......)...## .._......#
#.........).# .P.P.....#
##...........### ........##
#..............## #.......#
#..†.W...###.÷..###### #.......#
#....@.### ##........# ##.....##
##......# ####......## #.....#
##...##..# ##.........##
##....###..#####.###............
#...##..### #..#.............
##....### #..#..........###
####..### ##.##........)# #
##..### ..##........# ..###
#.####.....##


You could see Jynx's ghost.

Vanquished Creatures
  An ogre (D:4)
  A howler monkey (D:4)
  A hound (D:4)
  4 gnolls (D:2)
  3 adders
  4 worms
  2 dart slugs
  6 leopard geckos
  2 orcs (D:4)
  2 giant cockroaches
  3 goblins
  6 hobgoblins
  3 quokkas
  5 bats
  2 frilled lizards
  7 kobolds
  A rat (D:1)
53 creatures vanquished.

Vanquished Creatures (others)
  A leopard gecko (D:4)
1 creature vanquished.

Grand Total: 54 creatures vanquished

Notes
Turn   | Place    | Note
-------+----------+-------------------------------------------
     0 | D:1      | Queen the Formicid Fighter began the quest for the Orb.
     0 | D:1      | Reached XP level 1. HP: 18/18 MP: 1/1
    73 | D:1      | Reached XP level 2. HP: 22/24 MP: 2/2
   379 | D:1      | Reached skill level 3 in Axes
   810 | D:1      | Reached XP level 3. HP: 29/29 MP: 3/3
   921 | D:2      | Reached skill level 4 in Axes
   921 | D:2      | Reached XP level 4. HP: 20/35 MP: 4/4
  1258 | D:2      | Found a snail-covered altar of Cheibriados.
  1944 | D:3      | Reached XP level 5. HP: 40/41 MP: 5/5
  2063 | D:3      | Found a sacrificial altar of Ru.
  2398 | D:4      | Reached skill level 5 in Axes
  2509 | D:4      | Noticed Jynx's ghost (amateur HECj)
  2591 | D:4      | Reached XP level 6. HP: 39/47 MP: 6/6
  2592 | D:4      | Noticed an ogre
  2610 | D:4      | Killed an ogre
  2610 | D:4      | Reached skill level 6 in Axes
  2646 | D:4      | Found a blossoming altar of Fedhas.
  2766 | D:4      | Killed from afar by Jynx's ghost

Skill      XL: |  1  2  3  4  5  6 |
---------------+-------------------+-----
Axes           | 3 4 5 6 |  6.4
Fighting       | |  3.2
Armour         | |  3.2
Shields        | |  3.6

Action                   |  1- 3 |  4- 6 || total
-------------------------+-------+-------++-------
Melee: War axe           |    57 |   135 ||   192
  Use: Scroll            |       |     6 ||     6
       Potion            |       |     1 ||     1
  Eat: Chunk             |       |     6 ||     6
Armor: Scale mail        |    15 |    48 ||    63
Dodge: Dodged            |    16 |    29 ||    45
Block: Shield            |    32 |    71 ||   103
